 Dungeon Crawl Stone Soup version 0.22.1-2-g9c5b331383 (webtiles) character file.

486 Marnok the Slasher (level 7, -1/55 HPs)
             Began as a Formicid Abyssal Knight on Nov 30, 2018.
             Was an Elder of Lugonu.
             Slain by a phantom (5 damage)
             ... on level 6 of the Dungeon.
             The game lasted 00:30:28 (4993 turns).

Marnok the Slasher (Formicid Abyssal Knight)        Turns: 4993, Time: 00:30:29

Health: -1/55      AC:  4    Str: 18    XL:     7   Next: 35%
Magic:  18/18      EV: 12    Int: 11    God:    Lugonu [****..]
Gold:   245        SH:  0    Dex: 13    Spells: 6/6 levels left

rFire    . . .     SeeInvis +   a - +1 falchion
rCold    . . .     Gourm    .   (no shield)
rNeg     . . .     Faith    .   b - +0 leather armour
rPois    .         Spirit   .   (helmet unavailable)
rElec    .         Reflect  .   (no cloak)
rCorr    .         Harm     .   (no gloves)
MR       .....                  o - +0 pair of boots
Stlth    +.........             (no amulet)
HPRegen  0.18/turn              u - ring of magical power
MPRegen  0.16/turn              (no ring)

@: no status effects
A: permanent stasis, dig shafts and tunnels, four strong arms, antennae 3,
hooves 1, agile 1, mutation resistance 1, wild magic 1
a: Dig, Shaft Self, Depart the Abyss, Bend Space, Banish, Corrupt, Renounce
Religion


You were on level 6 of the Dungeon.
You worshipped Lugonu.
Lugonu was greatly pleased with you.
You were not hungry.

You visited 1 branch of the dungeon, and saw 6 of its levels.
You visited the Abyss 1 time.

You collected 245 gold pieces.

Inventory:

Hand Weapons
 a - a +1 falchion (weapon)
 v - a +0 blowgun
 w - a cursed -2 short sword
Missiles
 d - 17 arrows
 h - 48 poisoned needles (quivered)
 p - 36 sling bullets
Armour
 b - a +0 leather armour (worn)
 f - a +0 chain mail
 o - a +0 pair of boots (worn)
Jewellery
 u - a ring of magical power (left hand)
Wands
 e - a wand of iceblast (6)
Scrolls
 g - a scroll of teleportation
 i - 2 scrolls of immolation
 j - a scroll of identify
 l - 4 scrolls of amnesia
 m - a scroll of enchant weapon {unknown}
 n - 2 scrolls of magic mapping
Potions
 c - a potion of flight
 r - a potion of lignification
 t - 3 potions of degeneration
Comestibles
 q - a chunk of flesh
 s - 6 rations


   Skills:
 + Level 4.9 Fighting
 + Level 5.1 Long Blades
 + Level 0.1 Throwing
 + Level 3.2 Armour
 + Level 2.7 Dodging
 + Level 1.0 Stealth
 + Level 2.7 Invocations
 + Level 0.2 Evocations


You had 6 spell levels left.
You didn't know any spells.
Your spell library was empty.

Dungeon Overview and Level Annotations

Branches:
Dungeon (6/15)
 Temple: D:4-7

Altars:
Cheibriados
Dithmenos
Hepliaklqana
Okawaru
Uskayaw
Vehumet
Xom

Portals:
Sewer: D:6


Innate Abilities, Weirdness & Mutations

You cannot be hasted, slowed, berserked, paralysed or teleported.
You can dig through walls and to a lower floor.
Your four strong arms can wield two-handed weapons with a shield.
You have a pair of large antennae on your head. (SInv)
You have large cloven feet.
You are agile. (Dex +2)
You are somewhat resistant to further mutation.
Your spells are a little harder to cast, but a little more powerful.


Message History

The rat barely misses you. The phantom barely misses you. The worm bites you!
The rat twitches its whiskers.
The phantom hits you.
* * * LOW HITPOINT WARNING * * *
The phantom blinks!
An orc priest comes into view. It is wielding a flail.
An orc and a centaur come into view.
The orc shouts!
The centaur shouts!
An orc comes into view. It is wielding a hand axe.
The orc shouts!
Okay, then.
Found a war axe.
The orc priest invokes the aid of Beogh against you.
Beogh smites you!
* * * LOW HITPOINT WARNING * * *
The rat twitches its whiskers.
The phantom blinks!
The phantom blinks!
The phantom hits you.
You die...

# .# #. #.
#.##############.
#oo.o...@W.....(
#$##.##############
#.##{#######
#.#{.{..)...
#.#.{#######
#.o..$....#
#.).w.###.# #...#o#
######<..#.#.###


You could see a phantom, an orc priest and 2 orcs.

Vanquished Creatures
  A big kobold (D:4)
  A scorpion (D:4)
  3 jellies (D:5)
  An orc wizard (D:4)
  Terence (D:3)
  A worker ant (D:4)
  A river rat (D:6)
  4 adders
  5 worms
  3 dart slugs
  6 leopard geckos
  13 orcs
  5 giant cockroaches
  9 goblins
  3 hobgoblins
  14 jackals
  25 kobolds
  2 quokkas
  2 ball pythons
  9 bats
  5 frilled lizards
  A leopard gecko skeleton (D:4)
  9 rats
124 creatures vanquished.

Vanquished Creatures (others)
  A plant (D:4)
1 creature vanquished.

Grand Total: 125 creatures vanquished

Notes
Turn   | Place    | Note
-------+----------+-------------------------------------------
     0 | Abyss:1  | Marnok the Formicid Abyssal Knight began the quest for the
                  | Orb.
     0 | Abyss:1  | Reached XP level 1. HP: 18/18 MP: 2/2
    15 | Abyss:1  | Found a corrupted altar of Lugonu.
    65 | D:1      | Escaped the Abyss
    94 | D:1      | Reached XP level 2. HP: 18/24 MP: 3/3
   313 | D:1      | Reached XP level 3. HP: 21/30 MP: 4/4
   701 | D:1      | Reached ** piety under Lugonu
  1016 | D:1      | Reached skill level 1 in Dodging
  1112 | D:2      | Reached XP level 4. HP: 20/37 MP: 6/6
  1523 | D:2      | Reached skill level 3 in Long Blades
  1763 | D:2      | Found a hazy altar of Hepliaklqana.
  1764 | D:2      | Found a shimmering altar of Xom.
  1764 | D:2      | Noticed a soldier ant
  1765 | D:2      | Noticed a spectral ugly thing
  1765 | D:2      | Noticed a soldier ant
  2279 | D:2      | Found a radiant altar of Vehumet.
  2279 | D:2      | Found a snail-covered altar of Cheibriados.
  2280 | D:2      | Found a hide-covered altar of Uskayaw.
  2527 | D:3      | Reached XP level 5. HP: 37/42 MP: 7/7
  2797 | D:5      | Entered Level 5 of the Dungeon
  2797 | D:5      | Noticed a centaur
  2812 | D:4      | Found a shadowy altar of Dithmenos.
  2883 | D:4      | Reached *** piety under Lugonu
  3017 | D:4      | Noticed a big kobold
  3056 | D:4      | Reached XP level 6. HP: 38/48 MP: 8/8
  3080 | D:4      | Reached skill level 4 in Long Blades
  3977 | D:3      | Reached **** piety under Lugonu
  4039 | D:3      | Noticed Terence
  4058 | D:3      | Killed Terence
  4058 | D:3      | Reached XP level 7. HP: 32/55 MP: 9/9
  4417 | D:4      | Found an iron altar of Okawaru.
  4817 | D:5      | Reached skill level 5 in Long Blades
  4817 | D:5      | Reached skill level 1 in Stealth
  4963 | D:6      | Found a glowing drain.
  4974 | D:6      | Gained mutation: You are agile. (Dex +2) [potion of
                  | mutation]
  4974 | D:6      | Gained mutation: You have large cloven feet. [potion of
                  | mutation]
  4974 | D:6      | Gained mutation: Your spells are a little harder to cast,
                  | but a little more powerful. [potion of mutation]
  4974 | D:6      | Gained mutation: You are somewhat resistant to further
                  | mutation. [potion of mutation]
  4985 | D:6      | HP: 2/55 [orc priest/divine providence (10)]
  4993 | D:6      | Slain by a phantom

Skill      XL: |  1  2  3  4  5  6  7 |
---------------+----------------------+-----
Fighting       | 4 |  4.9
Dodging        | 1 2 |  2.7
Long Blades    | 3 4 5 |  5.1
Armour         | 3 |  3.2
Stealth        | 1 |  1.0
Throwing       | |  0.1
Invocations    | |  2.7
Evocations     | |  0.2

Action                   |  1- 3 |  4- 6 |  7- 9 || total
-------------------------+-------+-------+-------++-------
Melee: Falchion          |    94 |   273 |    30 ||   397
 Fire: Blowgun           |       |       |     2 ||     2
 Abil: Dig               |     2 |     5 |     1 ||     8
Evoke: Wand              |       |     4 |     1 ||     5
  Use: Scroll            |       |    10 |     2 ||    12
       Potion            |       |     7 |     2 ||     9
 Stab: Sleeping          |     1 |     1 |       ||     2
  Eat: Ration            |     1 |     1 |       ||     2
       Chunk             |       |     8 |     3 ||    11
Armor: Leather armour    |    39 |    45 |    12 ||    96
       Skin              |       |    11 |       ||    11
Dodge: Dodged            |    85 |   156 |    20 ||   261
       Rpst.: Falchion   |    34 |    51 |     9 ||    94
